cohdb
Replays
Latest Replays
All Replays
Popular Replays
Top Player Replays
Match Explorer
How It Works
Community
CoH3 Stats
Reddit
Sign in to upload your games and track your stats! →
Sign in with Steam
Match 44259404
Unlisted
Match 44259404
Overview
Messages
Build Orders
End
Construct Infanterie Kompanie
Kettenkrad Recon Vehicle
Selects Mechanized Battlegroup
Grenadier Squad
MG 42 Machine Gun Team
Construct Panzergrenadier Kompanie
Grenadier Squad
251 Medium Carrier
Panzergrenadier Squad
Selects Mobile Repair Stations
Selects Wespe Self-propelled Artillery
Wespe Self-propelled Artillery
Panzergrenadier Squad
Pak 40 Anti-tank Gun Team
Medical Station
Selects Zeroing Artillery Barrage
Wespe Self-propelled Artillery
Grenadier Squad
Pak 40 Anti-tank Gun Team
Selects Raid Package
Construct Panzer Kompanie
Selects 8 Rad Armored Car
Selects UNKNOWN (2160084)
Stoßtruppen Squad
HipHopper_2006
fhqls12345
Chunow
Chade
bigcheese
shor
Cpt. Colter Stevens
HeroSandwich
0
0
Comments
sign in to comment!
No comments posted yet!